 Dungeon Crawl Stone Soup version 0.28-b1-25-g9875b3fc8c (webtiles) character file.

Game seed: 9007260474215163653

254 cbfl8 the Sneak (level 5, 0/47 HPs)
             Began as a Minotaur Delver on Feb 2, 2022.
             Was an Initiate of Yredelemnul.
             Slain by Grinder (6 damage)
             ... while paralysed by Grinder
             ... on level 3 of the Dungeon.
             The game lasted 00:08:53 (3892 turns).

cbfl8 the Sneak (Minotaur Delver)                   Turns: 3892, Time: 00:08:53

Health: 0/47       AC:  7    Str: 19    XL:     5   Next: 91%
Magic:  4/4        EV:  2    Int:  7    God:    Yredelemnul [......]
Gold:   71         SH:  0    Dex: 17    Spells: 4/4 levels left

rFire   . . .      SeeInvis .   a - +0 hand axe
rCold   . . .      Faith    .   (no shield)
rNeg    . . .      Spirit   .   k - +0 scale mail
rPois   .          Reflect  .   (helmet restricted)
rElec   .          Harm     .   i - +0 cloak
rCorr   .          Rampage  .   (no gloves)
Will    .....                   (no boots)
Stlth   ++........              (no amulet)
HPRegen 0.15/turn               h - +6 ring of dexterity
MPRegen 0.09/turn               (no ring)

@: paralysed
A: horns 2, retaliatory headbutt
a: Renounce Religion, Recall Undead Harvest


You were on level 3 of the Dungeon.
You worshipped Yredelemnul.
Yredelemnul was noncommittal.
You visited 2 branches of the dungeon, and saw 6 of its levels.

You collected 121 gold pieces.
You spent 50 gold pieces at shops.

Inventory:

Hand Weapons
 a - a +0 hand axe (weapon)
Armour
 b - a +0 leather armour
 i - a +0 cloak (worn)
 k - a +0 scale mail (worn)
Jewellery
 h - a +6 ring of dexterity (left hand)
Wands
 g - a wand of digging (3)
Scrolls
 c - 4 scrolls of fog
 d - a scroll of magic mapping
 e - a scroll of fear
 j - a scroll of amnesia {unknown}
 l - a scroll of noise {unknown}
 m - a scroll of identify {unknown}
Potions
 f - a potion of haste
 n - a potion of heal wounds


   Skills:
 + Level 4.5 Fighting
 + Level 3.9 Axes
 + Level 2.2 Armour
 + Level 2.8 Dodging
 + Level 5.4 Stealth
 + Level 0.4 Unarmed Combat


You had 4 spell levels left.
You didn't know any spells.
Your spell library contained the following spells:

 Spells                   Type           Power      Damage    Failure   Level
 Freeze                   Ice            0%         1d3       80%         1
 Frozen Ramparts          Ice            0%         1d2       99%         3
 Hailstorm                Conj/Ice       0%         3d3       100%        4


Dungeon Overview and Level Annotations

Branches:
Dungeon (5/15)             Temple (1/1) D:4

Altars:
Ashenzari
Cheibriados
Dithmenos
Elyvilon
Fedhas
Gozag
Hepliaklqana
Kikubaaqudgha
Makhleb
Okawaru
Qazlal
Ru
Sif Muna
Trog
Uskayaw
Vehumet
Wu Jian
Xom
Yredelemnul
Zin
The Shining One

Shops:
D:3 *

Annotations:
D:3 Grinder


Innate Abilities, Weirdness & Mutations

You have a pair of horns on your head.
You reflexively headbutt those who attack you in melee.


Message History

Your rat zombie bites Grinder but does no damage.
Your spectral endoplasm hits Grinder but does no damage.
The hobgoblin hits your rat zombie. Grinder hits you but does no damage.
Your spectral endoplasm hits Grinder.
Your rat zombie closely misses the hobgoblin.
The hobgoblin barely misses your rat zombie.
Grinder hits you.
You writhe in agony.
Your spectral endoplasm hits Grinder but does no damage.
Your rat zombie barely misses the hobgoblin.
The hobgoblin hits your rat zombie. Grinder hits you but does no damage.
Your spectral endoplasm hits Grinder.
Your rat zombie closely misses the hobgoblin.
The hobgoblin hits your rat zombie.
Your rat zombie is destroyed!
Grinder gestures at you. Pain shoots through your body!
Your spectral endoplasm hits Grinder.
You can move again.
You hit Grinder. You headbutt Grinder!
Grinder is severely wounded.
You hit the hobgoblin but do no damage. Grinder hits you.
Your spectral endoplasm closely misses Grinder.
The hobgoblin hits you but does no damage.
Unknown command.
You hit Grinder but do no damage.
Grinder is severely wounded.
You hit the hobgoblin. Grinder hits you.
You writhe in agony.
* * * LOW HITPOINT WARNING * * *
Your spectral endoplasm hits Grinder but does no damage.
The hobgoblin barely misses you. Grinder gestures at you.
You suddenly lose the ability to move!
Your spectral endoplasm barely misses Grinder.
The hobgoblin hits you but does no damage.
Grinder hits you but does no damage.
Your spectral endoplasm completely misses Grinder.
The hobgoblin completely misses you. Grinder hits you.
* * * LOW HITPOINT WARNING * * *
You writhe in agony.
You die...
Your body rises from the dead as a mindless zombie.

########. #...# ####
#. #.#. ..# #. ##...
#.# #. ...# #.# #.
#..# #.# #. #..## #.#
#. #...# #.# ##. #@Z.#
###.### #.Z
#####5g.####....<# #Z#
#................###.#
#.###...####..........
#....# #....).....
#..#.# #......##.#
#..#.# ###.##.##.#
#.=..# #.##.##.#
.....# #....##..


You could see Grinder (ally target), a hobgoblin and a friendly spectral
endoplasm.

Vanquished Creatures
  A scorpion (D:5)
  A hound (D:4)
  Natasha (twice) (D:2)
  An orc wizard (D:3)
  3 adders
  2 worms
  2 orcs (D:2)
  2 bats
  5 endoplasms
  2 giant cockroaches (D:2)
  4 goblins
  4 hobgoblins
  5 jackals
  3 kobolds
  3 ball pythons
  2 frilled lizards
  7 rats
49 creatures vanquished.

Vanquished Creatures (collateral kills)
  An adder (D:2)
  A hobgoblin (D:2)
  2 frilled lizards
4 creatures vanquished.

Vanquished Creatures (others)
  A ball python zombie (D:2)
  A hobgoblin zombie (D:2)
  A rat zombie (D:3)
  A spectral endoplasm (D:2)
4 creatures vanquished.

Grand Total: 57 creatures vanquished

Notes
Turn   | Place    | Note
-------+----------+-------------------------------------------
     0 | D:5      | cbfl8 the Minotaur Delver began the quest for the Orb.
     0 | D:5      | Reached XP level 1. HP: 19/19 MP: 0/0
     8 | D:5      | Noticed a scorpion
    23 | D:5      | Killed a scorpion
    24 | D:5      | Reached skill level 5 in Stealth
    24 | D:5      | Reached XP level 2. HP: 10/27 MP: 1/1
    24 | D:5      | Reached XP level 3. HP: 12/33 MP: 2/2
   285 | D:4      | Found a staircase to the Ecumenical Temple.
   291 | Temple   | Entered the Ecumenical Temple
   825 | Temple   | Became a worshipper of Yredelemnul the Dark
   876 | D:4      | Reached XP level 4. HP: 36/40 MP: 3/3
  1188 | D:1      | Found a faded altar of an unknown god.
  1290 | D:1      | Reached * piety under Yredelemnul
  1938 | D:1      | Reached ** piety under Yredelemnul
  2078 | D:2      | Reached skill level 1 in Armour
  2139 | D:2      | Reached XP level 5. HP: 21/46 MP: 4/4
  2771 | D:3      | Noticed Natasha
  2780 | D:2      | Killed Natasha
  2785 | D:2      | Noticed Natasha
  2800 | D:2      | Killed Natasha
  3821 | D:3      | Found Hoem's General Store.
  3829 | D:3      | Bought a potion of heal wounds for 50 gold pieces
  3876 | D:3      | Noticed Grinder
  3884 | D:3      | Paralysed by Grinder for 5 turns
  3890 | D:3      | Paralysed by Grinder for 4 turns
  3892 | D:3      | Slain by Grinder

Illustrated notes

Levels and vault maps discovered:
D:1:      matt_arrival_grand_opening, layout_basic, basic_ecumenical_altar,
          corexii_hall_statues_s, hex_medium, hangedman_decor_lopped,
          roderic_lattice_a
D:2:      layout_loops_ring
D:3:      layout_loops_ring, lemuel_doored_altar, serial_shops, shop,
          nicolae_wormholes, uniq_natasha, uniq_grinder
D:4:      layout_rooms, minmay_temple_entry_enclosed_plants, serial_shops, shop,
          shop, nicolae_shop_window_shopping, minmay_misc_feat_cross,
          minmay_manual_mess
D:5:      layout_cave_pods, serial_shops, shop, minmay_misc_feat_plants,
          corexii_item_surrounded_by_moat
Temple:   mainiacjoe_temple_circle_huts

Skill      XL: |  1  2  3  4  5 |
---------------+----------------+-----
Fighting       | 4 |  4.5
Stealth        | 5 |  5.4
Axes           | 3 |  3.9
Armour         | 1 2 |  2.2
Dodging        | |  2.8
Unarmed Combat | |  0.4

Action                   |  1- 3 |  4- 6 || total
-------------------------+-------+-------++-------
Melee: Hand axe          |     6 |    95 ||   101
       Headbutt          |     2 |    20 ||    22
       Punch             |       |     2 ||     2
       Unarmed           |       |     5 ||     5
 Stab: Sleeping          |       |     6 ||     6
Armor: Leather armour    |     1 |    27 ||    28
       Scale mail        |       |     7 ||     7
       Skin              |       |     1 ||     1
Dodge: Dodged            |     6 |    74 ||    80
